 Dungeon Crawl Stone Soup version 0.22-a0-825-ga28c36f (webtiles) character file.

1296 theanonym the Chopper (level 8, -4/62 HPs)
             Began as a Mummy Warper on July 24, 2018.
             Was a Follower of Uskayaw.
             Slain by an orc warrior
             ... wielding a +0 trident
              (16 damage)
             ... on level 6 of the Dungeon.
             The game lasted 00:12:32 (8330 turns).

theanonym the Chopper (Mummy Warper)                Turns: 8330, Time: 00:12:33

Health: -4/62      AC:  8    Str: 16    XL:     8   Next: 31%
Magic:  12/12      EV:  7    Int: 13    God:    Uskayaw [*.....]
Gold:   198        SH:  9    Dex: 11    Spells: 7/12 levels left

rFire    x . .     SeeInvis +   a - +0 hand axe
rCold    + . .     Gourm    .   g - +0 shield
rNeg     + + +     Faith    .   k - +0 scale mail
rPois    ∞         Spirit   .   h - +0 helmet
rElec    .         Reflect  .   (no cloak)
rCorr    +         Harm     .   (no gloves)
MR       +....                  d - +0 pair of boots
Stlth    ..........             (no amulet)
HPRegen  0.20/turn              i - ring of see invisible (curse)
MPRegen  0.13/turn              j - ring of resist corrosion

@: no status effects
A: no food or potions, fire vulnerability, cold resistance 1, negative energy
resistance 3, torment resistance, unbreathing
a: Stomp, Renounce Religion


Innate Abilities, Weirdness & Mutations

You do not eat or drink.
Your flesh is vulnerable to fire.
You are immune to poison.
Your flesh is cold resistant. (rC+)
You are immune to negative energy. (rN+++)
You are immune to unholy pain and torment.
You can survive without breathing.


   Skills:
 + Level 5.3 Fighting
 * Level 6.2 Axes
 - Level 0.7 Throwing
 - Level 0.7 Armour
 - Level 1.5 Dodging
 + Level 3.8 Shields
 - Level 2.6 Spellcasting
 - Level 2.4 Translocations


You had 7 spell levels left.
You knew the following spells:

 Your Spells              Type           Power        Failure   Level  Hunger
e - Lesser Beckoning      Tloc           #.........   99%         3    N/A
l - Blink                 Tloc           N/A          91%         2    N/A

Your spell library contained the following spells:

 Spells                   Type           Power        Failure   Level  Hunger
 Throw Frost              Conj/Ice       #.....       99%         2    N/A
 Teleport Other           Tloc           #.......     99%         3    N/A
 Freeze                   Ice            #...         98%         1    N/A
 Summon Ice Beast         Ice/Summ       #.......     100%        4    N/A
 Ozocubu's Armour         Chrm/Ice       #.......     100%        3    N/A
 Throw Icicle             Conj/Ice       #.......     100%        4    N/A
 Passage of Golubria      Tloc           N/A          100%        4    N/A
 Shroud of Golubria       Chrm/Tloc      #.........   98%         2    N/A
 Gell's Gravitas          Tloc           #.........   99%         3    N/A

Skill      XL: |  1  2  3  4  5  6  7  8 |
---------------+-------------------------+-----
Axes           | 2 3 4 5 6 |  6.2
Shields        | 1 2 3 |  3.8
Fighting       | 3 4 5 |  5.3
Throwing       | |  0.7
Armour         | |  0.7
Dodging        | |  1.5
Spellcasting   | |  2.6
Translocations | |  2.4

Action                   |  1- 3 |  4- 6 |  7- 9 || total
-------------------------+-------+-------+-------++-------
Melee: Hand axe          |   190 |   387 |   126 ||   703
Invok: Line Pass         |       |     3 |       ||     3
       Stomp             |       |     8 |     4 ||    12
Evoke: Wand              |       |       |     5 ||     5
  Use: Scroll            |       |     5 |       ||     5
 Stab: Confused          |       |     3 |       ||     3
       Paralysed         |       |     2 |       ||     2
Armor: Leather armour    |    74 |       |       ||    74
       Ring mail         |     9 |   107 |       ||   116
       Scale mail        |       |    59 |    35 ||    94
Dodge: Dodged            |   115 |   119 |    45 ||   279
Block: Shield            |    80 |   142 |    51 ||   273

Inventory:

Hand Weapons
 a - a +0 hand axe (weapon)
Missiles
 e - 5 tomahawks of dispersal (quivered)
Armour
 b - a +0 leather armour
 d - a +0 pair of boots (worn)
   (You found it on level 1 of the Dungeon)
 g - a +0 shield (worn)
   (You found it on level 1 of the Dungeon)
 h - a +0 helmet (worn)
   (You found it on level 2 of the Dungeon)
 k - a +0 scale mail (worn)
   (You took it off an orc on level 4 of the Dungeon)
 m - a +0 ring mail
   (You found it on level 2 of the Dungeon)
Jewellery
 i - a cursed ring of see invisible (left hand)
   (You found it on level 2 of the Dungeon)
 j - a ring of resist corrosion (right hand)
   (You found it on level 2 of the Dungeon)
 l - an uncursed ring of flight
   (You found it on level 2 of the Dungeon)
Wands
 p - a wand of scattershot (2)
   (You found it on level 5 of the Dungeon)
Scrolls
 c - 3 scrolls of amnesia
 f - 2 scrolls of fog
 n - 2 scrolls of remove curse
 o - a scroll of immolation
 r - 5 scrolls of identify
 t - a scroll of teleportation {!r}
 B - a scroll of blinking


You were on level 6 of the Dungeon.
You worshipped Uskayaw.
Uskayaw was noncommittal.
You were not hungry.

You visited 1 branch of the dungeon, and saw 6 of its levels.

You collected 198 gold pieces.

Dungeon Overview and Level Annotations

Branches:
Dungeon (6/15)
 Temple: D:4-7

Altars:
Dithmenos
Elyvilon
Hepliaklqana
Trog
Uskayaw
Zin
The Shining One

Shops:
D:4

: ##### ##########
#######...# #........#
###.......#.#
#..####..###.#.#####...#
#..####..##..@.# ##.##
#........#.....# #.#
#..#......#o...# #.#
###..#.##........# #.#
##.#........###.###
#.##### #.#.........#
#.# #.....#
##.#.######.###+##
#..##.## #.#.# #.##...##
#..#...#
#.#.######.#.....##
#......#


You could see an orc warrior.

Notes
Turn   | Place    | Note
-------+----------+-------------------------------------------
     0 | D:1      | theanonym the Mummy Warper began the quest for the Orb.
     0 | D:1      | Reached XP level 1. HP: 16/16 MP: 4/4
     6 | D:1      | Noticed a salamander
     6 | D:1      | Noticed a swamp worm
     6 | D:1      | Noticed a polar bear
     7 | D:1      | Noticed a wyvern
   135 | D:1      | Reached skill level 2 in Axes
   194 | D:1      | Reached XP level 2. HP: 22/22 MP: 5/5
   775 | D:2      | Found a bloodstained altar of Trog.
   796 | D:2      | HP: 9/23 [hobgoblin (3)]
   802 | D:2      | HP: 5/23 [hobgoblin (1)]
   807 | D:2      | HP: 4/23 [goblin (1)]
   823 | D:2      | HP: 5/23 [goblin (1)]
   855 | D:2      | HP: 6/23 [goblin/stone (1)]
   861 | D:2      | HP: 5/23 [goblin/stone (1)]
   867 | D:2      | Reached XP level 3. HP: 7/28 MP: 7/7
   867 | D:2      | HP: 4/28 [goblin (3)]
  1166 | D:2      | HP: 14/28 [quokka (4)]
  1185 | D:2      | HP: 14/28 [quokka (1)]
  1635 | D:2      | HP: 8/28 [worm (8)]
  1664 | D:2      | HP: 10/28 [bat (1)]
  1873 | D:2      | Found a hide-covered altar of Uskayaw.
  1917 | D:2      | Became a worshipper of Uskayaw the Reveler
  2064 | D:2      | Reached * piety under Uskayaw
  2178 | D:2      | Found a glowing golden altar of the Shining One.
  2178 | D:2      | Found a white marble altar of Elyvilon.
  2179 | D:2      | Found a glowing silver altar of Zin.
  2372 | D:2      | Reached ** piety under Uskayaw
  2373 | D:2      | Reached skill level 3 in Axes
  2373 | D:2      | Reached XP level 4. HP: 34/34 MP: 8/8
  2499 | D:3      | Reached skill level 1 in Shields
  2772 | D:3      | Reached skill level 3 in Fighting
  2827 | D:3      | Reached XP level 5. HP: 27/41 MP: 9/9
  2827 | D:3      | Reached *** piety under Uskayaw
  3081 | D:3      | HP: 19/41 [gnoll/spear (4)]
  3086 | D:3      | HP: 10/41 [gnoll/spear (6)]
  3572 | D:3      | Noticed Grinder
  3585 | D:3      | HP: 13/41 [Grinder (8)]
  4409 | D:4      | Found Imiaf's Book Emporium.
  4459 | D:4      | HP: 19/41 [scorpion (4)]
  4469 | D:4      | HP: 19/41 [scorpion (2)]
  4476 | D:4      | Reached skill level 4 in Axes
  4476 | D:4      | Reached skill level 2 in Shields
  4476 | D:4      | Reached XP level 6. HP: 13/47 MP: 4/10
  5278 | D:4      | Found a shadowy altar of Dithmenos.
  5310 | D:4      | HP: 22/48 [phantom (6)]
  5317 | D:4      | Reached skill level 4 in Fighting
  5664 | D:4      | Found a hazy altar of Hepliaklqana.
  5737 | D:5      | Entered Level 5 of the Dungeon
  5771 | D:5      | HP: 24/48 [worker ant (2)]
  6109 | D:5      | Noticed Eustachio
  6146 | D:5      | Killed Eustachio
  6146 | D:5      | Reached skill level 5 in Axes
  6146 | D:5      | Reached XP level 7. HP: 40/55 MP: 2/11
  6341 | D:5      | Reached skill level 3 in Shields
  6661 | D:5      | Noticed Duvessa
  6661 | D:5      | Noticed Dowan
  6737 | D:5      | HP: 21/55 [Duvessa/rapier of speed (10)]
  6738 | D:5      | Killed Duvessa
  6768 | D:5      | HP: 26/55 [Dowan/dagger of venom (1)]
  6770 | D:5      | Killed Dowan
  7636 | D:3      | Killed Grinder
  7636 | D:3      | Reached skill level 5 in Fighting
  7636 | D:3      | Reached XP level 8. HP: 39/62 MP: 6/12
  7858 | D:6      | Reached skill level 6 in Axes
  7989 | D:6      | Found a hazy altar of Hepliaklqana.
  8148 | D:6      | Learned a level 2 spell: Blink
  8152 | D:6      | Learned a level 3 spell: Lesser Beckoning
  8261 | D:6      | HP: 30/62 [orc warrior/trident (10)]
  8265 | D:6      | HP: 5/62 [orc warrior/trident (15)]
  8318 | D:6      | HP: 10/62 [orc warrior/trident (6)]
  8330 | D:6      | Slain by an orc warrior

Vanquished Creatures
  Grinder (D:3)
  Eustachio (D:5)
  Duvessa (D:5)
  An ice beast (D:6)
  A phantom (D:4)
  A centaur (D:5)
  Dowan (D:5)
  A scorpion (D:4)
  A hound (D:6)
  3 orc wizards
  An iguana (D:5)
  4 worker ants
  8 adders
  3 gnolls (D:3)
  A howler monkey skeleton (D:4)
  An ooze (D:5)
  4 worms
  2 dart slugs
  5 leopard geckos
  7 orcs
  A ball python (D:1)
  13 bats
  6 giant cockroaches
  11 goblins
  10 hobgoblins
  2 jackals (D:3)
  3 quokkas
  5 frilled lizards
  A jackal skeleton (D:5)
  4 kobolds
  A leopard gecko zombie (D:5)
  A quokka skeleton (D:4)
  8 rats
114 creatures vanquished.

Vanquished Creatures (others)
  2 orc wizards (D:4)
2 creatures vanquished.

Grand Total: 116 creatures vanquished

Table legend:
 A = Turns spent in this place as a percentage of turns spent in the entire game.
 B = Non-inter-level travel turns spent in this place as a percentage of non-inter-level travel turns spent in the entire game.
 C = Inter-level travel turns spent in this place as a percentage of turns spent in this place.
 D = Turns resting spent in this place as a percentage of non-inter-level travel turns spent in this place.
 E = Turns spent auto-exploring this place as a percentage of non-inter-level travel turns spent in this place.
 F = Non-inter-level travel turns spent in this place divided by the number of levels of this place that you've seen.
                   A       B       C       D       E      F
               +-------+-------+-------+-------+-------+----------------------
         Total | 100.0 | 100.0 |   6.3 |  41.3 |  40.4 | 1301.2
       Dungeon | 100.0 | 100.0 |   6.3 |  41.3 |  40.4 | 1301.2
               +-------+-------+-------+-------+-------+----------------------
